General information
- name: affenkopf
- type: Custom game
- host: keysports.phl
- saver: TIMG4STRok
map: EchoIsles
- players: 8
- length: 24:26
- speed: Fast
- version: 1.23 W3XP
- replay type:

» download(97 KB)
Players
team 1 (loser)
keysports.phl (
red | 74 APM | 1805 actions | 24:25)
6 Death Knight
3 Death Coil
2 Unholy Aura
1 Animate Dead
3 Lich
2 Frost Nova
1 Frost Armor
» actions
| Assign group hotkey | 19 | |
| Basic commands | 29 | |
| Build / train | 60 | |
| Enter build submenu | 15 | |
| Enter hero's abilities submenu | 9 | |
| Remove unit from queue | 3 | |
| Right click | 942 | |
| Select / deselect | 550 | |
| Select group hotkey | 108 | |
| Use ability | 70 | |
1805 total
» units
| Acolyte | 2 | |
| Ghoul | 1 | |
| Crypt Fiend | 19 | |
| Obsidian Statue | 3 | |
| Abomination | 8 | |
33 total
» upgrades
| Creature Attack | 1 | |
| Disease Cloud | 1 | |
| Burrow | 1 | |
3 total
» buildings
| Crypt | 1 | |
| Graveyard | 1 | |
| Altar of Darkness | 1 | |
| Ziggurat | 7 | |
| Tomb of Relics | 2 | |
| Nerubian Tower | 1 | |
| Halls of the Dead | 1 | |
| Slaughterhouse | 1 | |
| Black Citadel | 1 | |
16 total
» build order
00:05 Crypt
00:08 Graveyard
00:41 Altar of Darkness
00:56 Ziggurat
01:22 Tomb of Relics
02:01 Ziggurat
03:53 Nerubian Tower
04:33 Ziggurat
04:53 Halls of the Dead
06:38 Ziggurat
08:02 Slaughterhouse
10:01 Tomb of Relics
11:06 Black Citadel
12:51 Ziggurat
16:38 Ziggurat
16:49 Ziggurat
» items
| Rod of Necromancy | 1 | |
| Potion of Healing | 3 | |
| Potion of Mana | 3 | |
7 total
team 2 (winner)
TIMG4STRok (
gray | 165 APM | 4038 actions | 24:26)
4 Warden
2 Shadow Strike
2 Blink
4 Pandaren Brewmaster
2 Breath of Fire
1 Drunken Haze
1 Drunken Brawler
4 Goblin Alchemist
2 Acid Bomb
2 Chemical Rage
» actions
| Assign group hotkey | 44 | |
| Basic commands | 143 | |
| Build / train | 93 | |
| ESC pressed | 2 | |
| Enter build submenu | 18 | |
| Enter hero's abilities submenu | 12 | |
| Give item / drop item | 1 | |
| Right click | 1937 | |
| Select / deselect | 538 | |
| Select group hotkey | 1095 | |
| Use ability | 155 | |
4038 total
» units
| Wisp | 24 | |
| Archer | 5 | |
| Dryad | 11 | |
| Druid of the Claw | 6 | |
46 total
» upgrades
| Abolish Magic | 1 | |
| Druid of the Claw Training | 2 | |
| Well Spring | 1 | |
| Strength of the Wild | 1 | |
| Reinforced Hides | 1 | |
6 total
» buildings
| Altar of Elders | 1 | |
| Moon Well | 7 | |
| Ancient of War | 1 | |
| Tree of Ages | 1 | |
| Hunter's Hall | 1 | |
| Ancient of Wonders | 1 | |
| Ancient of Lore | 3 | |
| Tree of Eternity | 1 | |
| Tree of Life | 2 | |
| Ancient of Wind | 1 | |
19 total
» build order
00:04 Altar of Elders
00:18 Moon Well
00:32 Ancient of War
01:33 Moon Well
02:46 Moon Well
03:00 Tree of Ages
03:14 Hunter's Hall
04:39 Ancient of Wonders
05:46 Ancient of Lore
05:47 Ancient of Lore
06:41 Moon Well
07:51 Moon Well
07:52 Tree of Eternity
10:19 Ancient of Lore
12:28 Tree of Life
14:16 Moon Well
20:57 Moon Well
21:13 Ancient of Wind
23:11 Tree of Life
» items
| Staff of Teleportation | 1 | |
| Boots of Speed | 1 | |
| Staff of Preservation | 2 | |
| Moonstone | 2 | |
| Lesser Clarity Potion | 3 | |
| Potion of Healing | 6 | |
| Orb of Venom | 3 | |
| Potion of Mana | 1 | |
19 total
observersevil-mcl,
Kyo_Kusanagi,
RoganJosh.Yum,
bananadenada,
Peetz,
AlasPoorYorick Chat log
(00:11 / All) TIMG4STRok: uninstall after you lose this game please
(00:38 / All) TIMG4STRok: GG
(00:39 / All) TIMG4STRok: GKL
(00:40 / All) TIMG4STRok: HF
(00:42 / All) TIMG4STRok: dont suck please
(00:47 / All) TIMG4STRok: give me a solid 100 apm effort Thank`s
(01:49 / All) TIMG4STRok: you are so bad right now
(01:56 / All) TIMG4STRok: can you leave.
(02:58 / All) TIMG4STRok: LEAVE please
(12:10 / All) TIMG4STRok: WHY are you so bad
(20:37 / All) TIMG4STRok: leave
(23:36 / All) TIMG4STRok: LEAVE